 Dungeon Crawl Stone Soup version 0.29-a0-477-g62b78b4225 (webtiles) character file.

Game seed: 12021560298016705134

0 spaghetti the Stinger (level 1, -2/11 HPs)
             Began as an Octopode Wanderer on May 25, 2022.
             Slain by a goblin
             ... wielding a +0 club
              (5 damage)
             ... on level 1 of the Dungeon.
             The game lasted 00:00:06 (19 turns).

spaghetti the Stinger (Octopode Wanderer)             Turns: 19, Time: 00:00:07

Health: -2/11      AC:  1    Str: 10    XL:     1   Next: 10%
Magic:  3/3        EV: 12    Int: 18    God:
Gold:   0          SH:  0    Dex:  8    Spells: 4/4 levels left

rFire   . . .      SeeInvis .   a - +0 club {mace}
rCold   . . .      Faith    .   (no shield)
rNeg    . . .      Spirit   .   c - +0 hat
rPois   .          Reflect  .   (no amulet)
rElec   .          Harm     .   (no ring)
rCorr   .          Rampage  .   (no ring)
Will    .....                   (no ring)
Stlth   +++.......              (no ring)
HPRegen 0.03/turn               (no ring)
MPRegen 0.08/turn               (no ring)
                                (no ring)
                                (no ring)

@: no status effects
A: almost no armour, amphibious, 8 rings, camouflage 1, gelatinous body 1,
(nimble swimmer 1), tentacles
a: no special abilities


You were on level 1 of the Dungeon.
You visited 1 branch of the dungeon, and saw 1 of its levels.


Innate Abilities, Weirdness & Mutations

You cannot wear most types of armour.
You are amphibious.
You can wear up to eight rings at the same time.
Your skin changes colour to match your surroundings (Stealth+).
Your rubbery body absorbs attacks. (AC +1, EV +1)
((You are camouflaged when in or above water. (Stealth+)))
You have tentacles for arms and can constrict up to eight enemies at once.


   Skills:
 + Level 4.0 Stealth
 + Level 2.0 Spellcasting
 + Level 1.0 Air Magic
 + Level 4.8 Poison Magic


You had 4 spell levels left.
You didn't know any spells.
Your spell library contained the following spells:

 Spells                   Type           Power      Damage    Failure   Level
 Sting                    Tmut/Pois      40%        1d5       7%          1
 Shock                    Conj/Air       12%        1d3       14%         1
 Mephitic Cloud           Conj/Pois/Air  8%         N/A       24%         3
 Olgreb's Toxic Radiance  Pois           19%        N/A       24%         4
 Ignite Poison            Fire/Tmut/Pois 7%         N/A       28%         3

Inventory:

Hand Weapons
 a - a +0 club (weapon) {mace}
Missiles
 d - 21 stones (quivered) {throwing}
Armour
 c - a +0 hat (worn)
Potions
 b - a potion of mutation {!q}

Dungeon Overview and Level Annotations

Branches:
Dungeon (1/15)

Altars:

#≈≈≈≈≈._≈≈≈≈.≈
#.≈≈≈≈..♣≈≈≈≈≈#
#≈.≈≈≈≈≈≈≈≈≈...
#..≈≈≈≈≈≈≈≈≈...
#.≈≈≈≈≈≈≈≈≈≈..#
#≈≈≈≈.........#
###:≈≈.≈S..≈...≈#
......g@........#
#########.#####.
#..# ##.# ##.##
## #...#
♣PP.P#...# P
.PP.P#...# PP
PPP♣P#...#♣


PP. You could see a goblin and a ball python.


Message History

🤖 Initializing magus.rc ...
Options error: Delay interrupt name "hungry" not recognised. (~/.crawlrc:4761) Options error: Bad monster_list_colour key: strict_neutral (~/.crawlrc:4776) Bad channel name for runrest: 'pray:' ✅ Successfully initialized magus.rc [v1.9.6] Welcome, spaghetti the Octopode Wanderer.
Are you destined to find the awesome Orb of Zot, or to die trying?
Press ? for a list of commands and other information.
Found a staircase leading out of the dungeon.
You begin with the following items: a +0 club {mace}, a potion of mutation {!q}, a +0 hat; and the following spells available to memorise: Sting, Shock, Mephitic Cloud, Olgreb's Toxic Radiance, Ignite Poison.
d - 21 stones {throwing} A bat comes into view.
A bat is nearby!
A bat is nearby!
A bat is nearby!
A goblin comes into view. It is wielding a +0 club.
The bat hits you but does no damage.
Found a faded altar of an unknown god.
The goblin shouts!
The bat hits you but does no damage.
A ball python comes into view.
The ball python hisses angrily.
You hit the bat.
You kill the bat!
The goblin hits you with a +0 club. 😕 HP[-2]
You take 2 damage, and now have 9/11 hp.
You are too injured to fight recklessly!
You are too injured to fight recklessly!
You are too injured to fight recklessly!
You are too injured to fight recklessly!
You are too injured to fight recklessly!
You are too injured to fight recklessly!
You are too injured to fight recklessly!
You are too injured to fight recklessly!
You are too injured to fight recklessly!
You are too injured to fight recklessly!
You are too injured to fight recklessly!
You barely miss the goblin. Your grab misses the goblin.
Your squeeze misses the goblin. The goblin hits you with a +0 club.
* * * LOW HITPOINT WARNING * * *
You are too injured to fight recklessly! 😨 HP[-4]
You take 4 damage, and now have 5/11 hp.
MASSIVE DAMAGE!! (PAUSE) Unknown command.
You closely miss the goblin. Your grab misses the goblin.
Your squeeze misses the goblin. The goblin barely misses you.
The ball python bites you.
* * * LOW HITPOINT WARNING * * *
The ball python closely misses you. 😨 HP[-2]
You take 2 damage, and now have 3/11 hp.
You closely miss the goblin. Your grab misses the goblin.
The goblin closely misses you. The ball python barely misses you. x2
The goblin hits you with a +0 club.
You die...

Action                   || total
-------------------------++-------
Melee: Club              ||     4
Armor: Skin              ||     2
Dodge: Dodged            ||     5

Levels and vault maps discovered:
D:1:      minmay_arrival_arboretum_large, layout_loops_ring,
          chequers_ecumenical_altar_island

Notes
Turn   | Place    | Note
-------+----------+-------------------------------------------
     0 | D:1      | spaghetti the Octopode Wanderer began the quest for the
                  | Orb.
     0 | D:1      | spaghetti set off with the following items: a +0 club
                  | {mace}, a potion of mutation {!q}, a +0 hat; and the
                  | following spells available to memorise: Sting, Shock,
                  | Mephitic Cloud, Olgreb's Toxic Radiance, Ignite Poison
     0 | D:1      | Reached XP level 1. HP: 11/11 MP: 3/3
     0 | D:1      | magus.rc [v1.9.6]
    14 | D:1      | Found a faded altar of an unknown god.
    19 | D:1      | Slain by a goblin

Vanquished Creatures
  A bat (D:1)
1 creature vanquished.

Table legend:
 A = Non-vault XP
 B = Vault XP
 C = Vault XP percentage of total XP
 D = Non-vault monster count
 E = Vault monster count
 F = Vault count percentage of total count
                 A         B        C        D         E       F
            +---------+---------+-------+---------+---------+-------
      Total |       1 |       0 |   0.0 |       1 |       0 |   0.0
            +---------+---------+-------+---------+---------+-------
        D:1 |       1 |       0 |   0.0 |       1 |       0 |   0.0
            +---------+---------+-------+---------+---------+-------

Illustrated notes

Table legend:
 A = Kills in this place as a percentage of kills in entire the game.
 B = Kills by you in this place as a percentage of kills by you in the entire game.
 C = Kills by friends in this place as a percentage of kills by friends in the entire game.
 D = Other kills in this place as a percentage of other kills in the entire game.
 E = Experience gained in this place as a percentage of experience gained in the entire game.
 F = Experience gained in this place divided by the number of levels of this place that you have seen.
                   A       B       C       D       E      F
               +-------+-------+-------+-------+-------+----------------------
         Total | 100.0 | 100.0 |   N/A |   N/A | 100.0 |   1.0
       Dungeon | 100.0 | 100.0 |   N/A |   N/A | 100.0 |   1.0
               +-------+-------+-------+-------+-------+----------------------

Table legend: (Time is in decaauts)
 A = Elapsed time spent in this place.
 B = Non-inter-level travel time spent in this place.
 C = Inter-level travel time spent in this place.
 D = Time resting spent in this place.
 E = Time spent auto-exploring this place.
 F = Levels seen in this place.
 G = Mean time per level.
                   A        B        C        D        E       F      G
               +--------+--------+--------+--------+--------+-----+--------+
         Total |     19 |     19 |      0 |      0 |     12 |   1 |   19.0 |
       Dungeon |     19 |     19 |      0 |      0 |     12 |   1 |   19.0 |
               +--------+--------+--------+--------+--------+-----+--------+

Top non-repeatable levels by time:
     D:1: 19 daAuts
